 Dungeon Crawl Stone Soup version 0.29.1-1-gd02db6906a (webtiles) character file.

Game seed: 14886881409155935037

11 Ovid the Shooter (level 2, 0/24 HPs)
             Began as a Draconian Hunter on Oct 21, 2022.
             Succumbed to an adder's poison
             ... on level 2 of the Dungeon.
             The game lasted 00:01:05 (170 turns).

Ovid the Shooter (Draconian Hunter)                  Turns: 170, Time: 00:01:06

Health: 0/24       AC:  4    Str: 13    XL:     2   Next: 17%
Magic:  2/2        EV: 12    Int:  9    God:
Gold:   24         SH:  0    Dex: 14    Spells: 1/1 levels left

rFire   . . .      SeeInvis .   a - +0 shortbow
rCold   . . .      Faith    .   (shield currently unavailable)
rNeg    . . .      Spirit   .   (body armour unavailable)
rPois   .          Reflect  .   (helmet restricted)
rElec   .          Harm     .   (no cloak)
rCorr   .          Rampage  .   (no gloves)
Will    .....                   (no boots)
Stlth   ++........              (no amulet)
HPRegen 0.08/turn               (no ring)
MPRegen 0.08/turn               (no ring)

@: lethally poisoned (0 -> -2)
A: AC +4, unfitting armour, cold-blooded
a: no special abilities


You were on level 2 of the Dungeon.
You visited 1 branch of the dungeon, and saw 2 of its levels.

You collected 24 gold pieces.

Inventory:

Hand Weapons
 a - a +0 shortbow (weapon)
Scrolls
 b - a scroll of immolation
 c - a scroll of enchant weapon {unknown}


   Skills:
 * Level 2.2 Fighting
 * Level 4.0 Ranged Weapons
 * Level 1.8 Dodging
 * Level 1.0 Stealth
 * Level 0.3 Spellcasting


You had one spell level left.
You didn't know any spells.
Your spell library contained the following spells:

 Spells                   Type           Power      Damage    Failure   Level
 Anguish                  Hex/Necr       0%         N/A       99%         4
 Enfeeble                 Hex            0%         N/A       100%        7


Dungeon Overview and Level Annotations

Branches:
Dungeon (2/15)

Altars:


Innate Abilities, Weirdness & Mutations

Your plain brown scales are hard. (AC +4)
You cannot fit into any form of body armour.
You are cold-blooded and may be slowed by cold attacks.


Message History

Press: ? - help, Q - select action Shift-Dir - straight line, f/p - adder
Aim: an adder (42% to hit)
You shoot an arrow. The arrow misses the adder.
The adder bites you but does no damage. The adder bites you.
* * * LOW HITPOINT WARNING * * *
You aren't carrying any potions.
Fire: a) +0 shortbow
Press: ? - help, Q - select action Shift-Dir - straight line, f/p - adder
Aim: an adder (42% to hit)
You shoot an arrow. The arrow hits the adder!
The adder is severely wounded.
You hear an angry hiss.
The adder barely misses you. The adder bites you.
* * * LOW HITPOINT WARNING * * *
You are lethally poisoned!
The adder poisons you!
Fire: a) +0 shortbow
Press: ? - help, Q - select action Shift-Dir - straight line, f/p - adder
Aim: an adder (severely wounded, 42% to hit)
You shoot an arrow. The arrow hits the adder.
You kill the adder!
* * * LOW HITPOINT WARNING * * *
You feel sick.
A frilled lizard comes into view.
Your Ranged Weapons skill increases to level 4!
Your Stealth skill increases to level 1!
You have reached level 2!
Fire: a) +0 shortbow
Press: ? - help, Q - select action Shift-Dir - straight line, f - frilled lizard
Aim: a frilled lizard (44% to hit)
You shoot an arrow. The arrow misses the frilled lizard.
* * * LOW HITPOINT WARNING * * *
You feel sick.
You aren't carrying any potions.
Fire: a) +0 shortbow
Press: ? - help, Q - select action Shift-Dir - straight line, f/p - frilled lizard
Aim: a frilled lizard (44% to hit)
You shoot an arrow.
The arrow hits the frilled lizard but does no damage.
You die...

## .# .#
## #.# #
#. ..#.#
#.#....#
#.#...l###
#...@....#
##.#†###.#
# #.# #..
... .#.. .
#. .# ..


You could see a frilled lizard.

Vanquished Creatures
  An adder (D:2)
  A bat (D:2)
  2 rats (D:1)
4 creatures vanquished.

Notes
Turn   | Place    | Note
-------+----------+-------------------------------------------
     0 | D:1      | Ovid the Draconian Hunter began the quest for the Orb.
     0 | D:1      | Reached XP level 1. HP: 17/17 MP: 1/1
   169 | D:2      | Reached skill level 4 in Ranged Weapons
   169 | D:2      | Reached skill level 1 in Stealth
   169 | D:2      | Reached XP level 2. HP: 3/24 MP: 2/2
   170 | D:2      | Succumbed to an adder's poison

Illustrated notes

Levels and vault maps discovered:
D:1:      heliophobic_arrival_enchanted_forest, layout_loops_ring,
          serial_forest, infiniplex_forest_straight_4,
          infiniplex_forest_clump_curved, infiniplex_forest_clump_tiny,
          infiniplex_forest_zigzag_1, infiniplex_forest_lined_3_way,
          infiniplex_forest_clump_diagonal, infiniplex_forest_straight_4,
          infiniplex_forest_clump_double, infiniplex_forest_lined_room_2,
          grunt_decor_resistance
D:2:      layout_loops_corners, grunt_decor_arrowhead, uniq_crazy_yiuf_cottage,
          uniq_jessica

Skill      XL: |  1 |
---------------+----+-----
Ranged Weapons | 4 |  4.0
Stealth        | 1 |  1.0
Fighting       | |  2.2
Dodging        | |  1.8
Spellcasting   | |  0.3

Action                   || total
-------------------------++-------
 Fire: Shortbow          ||    14
Armor: Skin              ||     1
Dodge: Dodged            ||     7
